 Dungeon Crawl Stone Soup version 0.31.0-32-g396128a36d (webtiles) character file.

Game seed: 15976334256273183132

14940 chippings the Fighter (level 11, -4/76 (87) HPs)
             Began as a Red Draconian Wanderer on Apr 19, 2024.
             Was a High Priest of Hepliaklqana.
             Slain by a spectral centaur warrior (5 damage)
             ... called from beyond by a ghost crab
             ... in a Gauntlet.
             The game lasted 00:33:41 (12540 turns).

chippings the Fighter (Red Draconian Wanderer)     Turns: 12540, Time: 00:33:42

HP:   -4/76 (87)    AC: 10    Str: 12    XL:     11   Next: 95%
MP:   17/17         EV: 11    Int: 11    God:    Hepliaklqana [*****.]
Gold: 259           SH:  6    Dex: 25    Spells: 13/14 levels left

rFire   + . .        y - +2 dagger (drain)
rCold   . . .        d - +0 buckler
rNeg    . . .        (body armour unavailable)
rPois   .            (helmet restricted)
rElec   .            m - +0 cloak
rCorr   .            (no gloves)
SInv    .            J - +1 pair of boots
Will    .....        B - amulet of magic regeneration
Stlth   +++++        o - +6 ring of dexterity
HPRegen 0.32/turn    A - ring of flight
MPRegen 0.55/turn

%: no teleportation
@: mighty, flying, heavily drained
A: reduced essence, breathe fire, AC +7, unfitting armour, fire resistance 1,
cold-blooded
a: Breathe Fire, Renounce Religion, Recall Ancestor, Ancestor Identity,
Transference, Idealise


You were in a Gauntlet.
You worshipped Hepliaklqana.
Hepliaklqana was extremely pleased with you.
You visited 2 branches of the dungeon, and saw 12 of its levels.
You also visited: Gauntlet.

You collected 523 gold pieces.
You spent 264 gold pieces at shops.

Inventory:

Hand Weapons
 a - a +1 dagger of freezing
 y - a +2 dagger of draining (weapon)
 C - a +1 vampiric dagger
Missiles
 b - an atropa-tipped dart
 c - 2 datura-tipped darts
 f - 23 poisoned darts
 j - 5 darts of dispersal
 u - 5 boomerangs
 z - 2 throwing nets (quivered)
 R - 9 silver javelins
 T - 7 javelins
Armour
 d - a +0 buckler (worn)
 m - a +0 cloak (worn)
 J - a +1 pair of boots (worn)
Jewellery
 o - a +6 ring of dexterity (left hand)
 A - a ring of flight (right hand)
 B - an amulet of magic regeneration (around neck)
Talismans
 M - the maw talisman "Paemaphe" {Str+5 Slay+2}
   (You found it on level 8 of the Dungeon)

   [maw talisman]

   Str+5:     It affects your strength (+5).
   Slay+2:    It affects your accuracy & damage with ranged weapons and melee
   (+2).
Wands
 w - a wand of mindburst (14)
 I - a wand of roots (4)
 N - a wand of charming (14)
 S - a wand of flame (13)
Scrolls
 e - 2 scrolls of silence
 h - a scroll of teleportation
 i - a scroll of immolation
 k - a scroll of enchant weapon
 l - 6 scrolls of vulnerability
 n - a scroll of revelation
 q - 3 scrolls of fog
 v - a scroll of butterflies {unknown}
 E - 4 scrolls of amnesia
 L - 2 scrolls of blinking
 O - a scroll of poison
 Q - a scroll of torment
 U - a scroll of identify
Potions
 g - 3 potions of brilliance
 p - 2 potions of might
 r - 3 potions of resistance {unknown}
 s - 2 potions of curing
 t - a potion of haste {unknown}
 D - 2 potions of lignification {unknown}
 F - 10 potions of ambrosia
 G - a potion of attraction
 H - 2 potions of invisibility {unknown}
 K - 2 potions of berserk rage {unknown}
 P - a potion of cancellation


   Skills:
 + Level 9.4 Fighting
 + Level 8.2 Short Blades
 + Level 7.5 Throwing
 + Level 0.4 Dodging
 + Level 8.5 Stealth
 - Level 4.0 Shields
 - Level 2.0 Spellcasting
 - Level 3.0 Summonings
 + Level 8.5 Invocations
 + Level 5.0 Shapeshifting


You had 13 spell levels left.
You knew the following spells:

 Your Spells              Type           Power      Damage    Failure   Level
a - Summon Small Mammal   Summ           28%        N/A       12%         1

Your spell library contained the following spells:

 Spells                   Type           Power      Damage    Failure   Level
 Slow                     Hex            4%         N/A       36%         1
 Summon Ice Beast         Ice/Summ       4%         N/A       54%         3
 Confusing Touch          Hex            1%         N/A       75%         3
 Frozen Ramparts          Ice            2%         1d1       75%         3
 Sigil of Binding         Hex            1%         N/A       75%         3
 Vampiric Draining        Necr           1%         2d6       75%         3
 Volatile Blastmotes      Fire/Tloc      2%         2d10      75%         3
 Fulminant Prism          Conj/Alch      0%         3d5       98%         4
 Iskenderun's Mystic Bla  Conj/Tloc      1%         2d3       98%         4
 Leda's Liquefaction      Alch/Erth      0%         N/A       98%         4
 Petrify                  Alch/Erth      1%         N/A       98%         4
 Summon Mana Viper        Hex/Summ       4%         N/A       99%         5
 Lee's Rapid Deconstruct  Erth           0%         3d4*      100%        5
 Metabolic Englaciation   Hex/Ice        0%         N/A       100%        5
 Bombard                  Conj/Erth      0%         9d1       100%        6
 Monstrous Menagerie      Summ           3%         N/A       100%        7


Dungeon Overview and Level Annotations

Branches:
Dungeon (10/15)            Temple (0/1) D:4            Lair (2/5) D:10
    Orc (0/2) D:10        Gauntlet (1/1)
  Swamp: Lair:2-3    Shoals: Lair:2-3     Snake: Lair:2-3    Spider: Lair:2-3

Altars:
Cheibriados
Fedhas
Hepliaklqana
Makhleb
Nemelex Xobeh
Qazlal
Ru
Sif Muna
Uskayaw
Wu Jian

Shops:
D:2 [   D:3 ?   D:5 (*?[[   D:9 [![

Annotations:
D:10 3 runed translucent doors, middlethird's ghost, novice VSIE Gauntlet 11 transporters, 21 runed translucent doors, exclusion: orange crystal statue


Innate Abilities, Weirdness & Mutations

Your life essence is reduced to manifest your ancestor. (-10% HP)
You can breathe blasts of fire.
Your fiery red scales are hard. (AC +7)
You cannot fit into any form of body armour.
Your flesh is heat resistant. (rF+)
You are cold-blooded and may be slowed by cold attacks.


Message History

* * * LOW HITPOINT WARNING * * *
The spectral centaur warrior closely misses you.
The spectral centaur warrior kicks you but does no damage.
The spectral wolf spider closely misses you.
The spectral wolf spider bites you but does no damage.
The ghost crab closely misses you. x2
You closely miss the ghost crab.
You tail-slap the ghost crab, but do no damage.
The ghost crab is lightly damaged.
You are engulfed in spectral mist.
* * * LOW HITPOINT WARNING * * *
The spectral centaur warrior hits you.
* * * LOW HITPOINT WARNING * * *
You block the spectral centaur warrior's attack.
The spectral wolf spider hits you!
* * * LOW HITPOINT WARNING * * *
You feel drained.
The spectral wolf spider closely misses you.
Press: ? - help, v - describe, . - travel
Here: a ghost crab (spectral mist, lightly damaged)
The floor.
You feel much better.
You are engulfed in spectral mist.
* * * LOW HITPOINT WARNING * * *
The spectral wolf spider closely misses you.
The spectral wolf spider bites you but does no damage.
You block the spectral centaur warrior's attack.
The spectral centaur warrior barely misses you.
The ghost crab closely misses you. The ghost crab claws you!
* * * LOW HITPOINT WARNING * * *
You feel drained.
* * * LOW HITPOINT WARNING * * *
The spectral snapping turtle bites you from afar.
* * * LOW HITPOINT WARNING * * *
You block the spectral wolf spider's attack.
The spectral wolf spider bites you.
* * * LOW HITPOINT WARNING * * *
You feel drained.
* * * LOW HITPOINT WARNING * * *
The spectral centaur warrior hits you.
You die...

#.©.#.....######### .#.©.#..
#######...#..$[©)...#...#########
.=©?[.#...#^##...##.#...#./$©.[.#
..###.#...#Z#.###.#.#...#.##....#
8.###.#...#○°##.##○.#...#.#.##..#
..###.#.8.#°○○.©.§..#.8.#.#.©#..#
##©...#...#..##.##Z.#...#.##..#.#
##..#.#...#○#○###Z#☼#...#..####.#
......#...#.##ZZ@##°#...#.......#
#######...#○☼§○.tZ°°#...#########
..©.......###########.......©....
..8.....8......©......8.....8....
...§........∩..8..∩.....§........
#≈#§#≈#≈#.............#§#≈#≈#§#≈#
##########≈#≈#≈#≈#§#§############
#############


You could see a ghost crab, a spectral black mamba (summoned), a spectral
six-headed hydra (summoned), a spectral wolf spider (summoned), a spectral
snapping turtle (summoned) and a spectral centaur warrior (summoned).

Vanquished Creatures
  Harold (D:10)
  Urug (Lair:2)
  Nergalle (D:10)
  2 black mambas
  2 komodo dragons (D:10)
  A troll (D:9)
  A polar bear (Lair:2)
  A hornet (D:10)
  A queen bee (Lair:1)
  2 wraiths (D:10)
  2 wyverns
  11 yaks
  2 steam dragons
  2 basilisks (Lair:2)
  5 water moccasins
  A black bear (D:6)
  An orc warrior (D:10)
  2 ice beasts (D:7)
  3 centaurs
  5 wolves
  An ogre (D:4)
  A phantom (D:7)
  2 bullfrogs
  A kobold brigand (D:7)
  2 scorpions
  23 killer bees
  A bombardier beetle (D:5)
  An iron imp (D:9)
  Crazy Yiuf (D:5)
  4 hounds
  6 orc priests
  5 sleepcaps
  4 iguanas
  6 orc wizards
  3 gnolls
  8 adders
  A white imp (D:7)
  An ufetubus (D:6)
  3 dart slugs
  25 orcs
  8 endoplasms
  3 giant cockroaches
  5 goblins
  6 hobgoblins
  3 jackals (D:1)
  11 kobolds
  5 quokkas
  5 ball pythons
  6 bats
  3 frilled lizards
  6 rats
207 creatures vanquished.

Vanquished Creatures (collateral kills)
  Josephine (D:10)
  An unseen horror (D:10)
  A komodo dragon (Lair:2)
  A wraith (D:10)
  2 shadows
  A vampire (D:8)
  3 yaks (D:10)
  A water moccasin (D:8)
  Duvessa (D:7)
  6 orc warriors
  A sky beast (D:8)
  An ogre (D:6)
  4 wolves
  2 bullfrogs
  2 gnoll sergeants
  A scorpion (D:7)
  14 killer bees
  A howler monkey (D:8)
  An orc priest (D:6)
  2 iron imps (D:9)
  2 orc wizards
  A sleepcap (D:7)
  4 gnolls
  An ufetubus (D:6)
  9 orcs
64 creatures vanquished.

Vanquished Creatures (others)
  Dowan (D:7)
  3 hexers
  An ancestor (D:7)
5 creatures vanquished.

Grand Total: 276 creatures vanquished

Notes
Turn   | Place    | Note
-------+----------+-------------------------------------------
     0 | D:1      | chippings the Draconian Wanderer began the quest for the
                  | Orb.
     0 | D:1      | chippings set off with the following items: a +0 dagger, 2
                  | atropa-tipped darts, 2 datura-tipped darts, a +0 buckler, a
                  | scroll of silence; and the following spell memorised:
                  | Summon Small Mammal; and the following spells available to
                  | memorise: Summon Ice Beast.
     0 | D:1      | Reached XP level 1. HP: 17/17 MP: 3/3
   137 | D:1      | Reached XP level 2. HP: 25/25 MP: 5/5
   288 | D:1      | Found a faded altar of an unknown god.
   973 | D:2      | Found Giqaegus's Armour Emporium.
   980 | D:2      | Reached skill level 1 in Short Blades
  1013 | D:2      | Reached XP level 3. HP: 30/30 MP: 6/6
  1105 | D:2      | Reached skill level 1 in Throwing
  1675 | D:3      | Reached XP level 4. HP: 28/37 MP: 7/7
  1896 | D:3      | Found a hazy altar of Hepliaklqana.
  2035 | D:3      | Became a worshipper of Hepliaklqana the Forgotten
  2118 | D:3      | Reached skill level 3 in Fighting
  2273 | D:3      | Found Xolih's Magic Scroll Shoppe.
  2281 | D:3      | Bought 2 scrolls of identify for 48 gold pieces
  2747 | D:4      | Found a staircase to the Ecumenical Temple.
  2837 | D:4      | Noticed a scorpion
  2862 | D:4      | Killed a scorpion
  2863 | D:4      | Reached XP level 5. HP: 5/45 MP: 8/8
  3146 | D:4      | Reached skill level 1 in Invocations
  3219 | D:4      | Noticed an ogre
  3229 | D:4      | Killed an ogre
  3230 | D:4      | Reached XP level 6. HP: 51/51 MP: 9/9
  3422 | D:5      | Entered Level 5 of the Dungeon
  4070 | D:5      | Found Juhafur's Weapon Emporium.
  4073 | D:5      | Found Haniteet's Antique Armour Shop.
  4098 | D:5      | Reached skill level 4 in Fighting
  4102 | D:5      | Found Yssefaol's General Store.
  4106 | D:5      | Found Atieliett's Antique Armour Boutique.
  4109 | D:5      | Found Fiulut's Magic Scroll Emporium.
  4208 | D:5      | Noticed a water moccasin
  4212 | D:5      | Killed a water moccasin
  4213 | D:5      | Your scales start taking on a fiery red colour.
  4213 | D:5      | Reached XP level 7. HP: 59/59 MP: 10/10
  4213 | D:5      | Gained mutation: Your flesh is heat resistant. (rF+) [Red
                  | Draconian growth]
  4621 | D:5      | Found a runed translucent door.
  4622 | D:5      | Noticed Crazy Yiuf
  4629 | D:5      | Killed Crazy Yiuf
  4721 | D:6      | Reached * piety under Hepliaklqana
  5033 | D:6      | Reached XP level 8. HP: 25/60 MP: 11/11
  5250 | D:6      | Reached skill level 5 in Fighting
  5319 | D:6      | Found an ornate altar of the Wu Jian Council.
  5319 | D:6      | Found a hide-covered altar of Uskayaw.
  5551 | D:7      | Noticed Dowan
  5693 | D:7      | Noticed Duvessa
  5697 | D:7      | Killed Dowan
  5711 | D:7      | Killed Duvessa
  5925 | D:7      | Reached ** piety under Hepliaklqana
  5926 | D:7      | Remembered your ancestor Pasha as a hexer
  6020 | D:7      | Reached skill level 5 in Stealth
  6027 | D:7      | Found a snail-covered altar of Cheibriados.
  6189 | D:7      | Found a shimmering blue altar of Sif Muna.
  6374 | D:7      | Found a stormy altar of Qazlal.
  6377 | D:7      | Found a sacrificial altar of Ru.
  6383 | D:7      | Reached XP level 9. HP: 53/67 MP: 12/12
  6575 | D:8      | Reached skill level 6 in Fighting
  6597 | D:8      | Reached skill level 5 in Short Blades
  6597 | D:8      | Reached skill level 5 in Invocations
  7160 | D:8      | Reached skill level 5 in Throwing
  7215 | D:8      | Identified the maw talisman "Paemaphe" {Str+5 Slay+2}
  7755 | D:9      | Found a burning altar of Makhleb.
  7866 | D:9      | Reached skill level 1 in Shapeshifting
  7870 | D:9      | Reached skill level 7 in Fighting
  8175 | D:9      | Reached XP level 10. HP: 48/77 MP: 14/14
  8310 | D:9      | Reached *** piety under Hepliaklqana
  8552 | D:9      | Found Bommaifui's Distillery.
  8560 | D:9      | Bought a potion of cancellation for 96 gold pieces
  8560 | D:9      | Bought 2 potions of heal wounds for 120 gold pieces
  8605 | D:9      | Found Manasch's Antique Armour Boutique.
  8663 | D:9      | Found Erusch's Antique Armour Shop.
  8838 | D:9      | Found a blossoming altar of Fedhas.
  8963 | D:9      | Found a sparkling altar of Nemelex Xobeh.
  9034 | D:10     | Entered Level 10 of the Dungeon
  9034 | D:10     | Noticed a tengu warrior
  9034 | D:10     | Found a runed translucent gate.
  9036 | D:10     | Noticed a two-headed ogre
  9037 | D:10     | Noticed middlethird's ghost (novice VSIE)
  9038 | D:10     | Found a runed translucent gate.
  9038 | D:10     | Noticed a fire dragon
  9039 | D:10     | Found a runed translucent gate.
  9044 | D:10     | Noticed Nergalle
  9533 | D:10     | Reached skill level 8 in Fighting
  9644 | D:10     | Killed Nergalle
  9665 | D:10     | Found a staircase to the Lair.
  9680 | D:10     | Noticed Josephine
  9741 | D:10     | Killed Josephine
  9742 | D:10     | Reached XP level 11. HP: 30/84 MP: 16/16
 10109 | D:10     | Noticed Harold
 10116 | D:10     | Killed Harold
 10473 | D:10     | Found a staircase to the Orcish Mines.
 10798 | Lair:1   | Entered Level 1 of the Lair of Beasts
 11134 | Lair:1   | Reached **** piety under Hepliaklqana
 11225 | Lair:1   | Reached skill level 9 in Fighting
 11876 | Lair:2   | Noticed Urug
 11929 | Lair:2   | Killed Urug
 12174 | Lair:2   | Reached ***** piety under Hepliaklqana
 12260 | Lair:2   | Reached skill level 5 in Shapeshifting
 12328 | Lair:2   | Found a gate leading to a gauntlet.
 12338 | Gauntlet | Entered a Gauntlet
 12338 | Gauntlet | Found a transporter.
 12348 | Gauntlet | Found a transporter.
 12348 | Gauntlet | Noticed a ghost crab
 12350 | Gauntlet | Found a transporter.
 12353 | Gauntlet | Found a transporter.
 12353 | Gauntlet | Found a transporter.
 12354 | Gauntlet | Found a transporter.
 12357 | Gauntlet | Noticed a catoblepas
 12358 | Gauntlet | Found a runed translucent door.
 12360 | Gauntlet | Found a runed translucent door.
 12362 | Gauntlet | Found a transporter.
 12363 | Gauntlet | Found a transporter.
 12377 | Gauntlet | Found a large runed translucent door.
 12377 | Gauntlet | Found a large runed translucent door.
 12378 | Gauntlet | Found a large runed translucent door.
 12378 | Gauntlet | Found a large runed translucent door.
 12379 | Gauntlet | Found a large runed translucent door.
 12379 | Gauntlet | Found a large runed translucent door.
 12380 | Gauntlet | Found a runed translucent gate.
 12380 | Gauntlet | Found a runed translucent door.
 12380 | Gauntlet | Noticed a wretched star
 12381 | Gauntlet | Found a transporter.
 12381 | Gauntlet | Found a runed translucent gate.
 12382 | Gauntlet | Found a runed translucent gate.
 12382 | Gauntlet | Found a runed translucent door.
 12383 | Gauntlet | Found a large runed translucent door.
 12383 | Gauntlet | Found a large runed translucent door.
 12384 | Gauntlet | Found a large runed translucent door.
 12385 | Gauntlet | Found a large runed translucent door.
 12394 | Gauntlet | Found a large runed translucent door.
 12394 | Gauntlet | Found a large runed translucent door.
 12395 | Gauntlet | Found a large runed translucent door.
 12396 | Gauntlet | Found a large runed translucent door.
 12398 | Gauntlet | Found a transporter.
 12402 | Gauntlet | Found a transporter.
 12405 | Gauntlet | Found a large runed translucent door.
 12405 | Gauntlet | Found a large runed translucent door.
 12410 | Gauntlet | Found a transporter.
 12450 | Gauntlet | Noticed an orange crystal statue
 12540 | Gauntlet | HP: 2/78 [spectral wolf spider[a ghost crab] (4)]
 12540 | Gauntlet | Slain by a spectral centaur warrior

Illustrated notes

Levels and vault maps discovered:
D:1:      kennysheep_arrival_forest, layout_loops_ring,
          hellmonk_ecumenical_altar_heavens_door
D:2:      layout_basic, serial_shops, shop
D:3:      layout_loops_corners, worldfamousw_hep_ancestral_shrine, serial_shops,
          nicolae_shop_hallway_stairs, serial_bayou_pond_a, fountainhead,
          st_stairs_14, grunt_decor_cap, ebering_dispersal_statue_hall
D:4:      layout_basic, minmay_temple_entry_trees
D:5:      layout_loops_ring, nicolae_shop_national_dungeon_mall,
          uniq_crazy_yiuf_cottage
D:6:      layout_rooms, gammafunk_temple_overflow_wave
D:7:      layout_basic, grunt_temple_overflow_open,
          nicolae_sif_muna_condensation, lemuel_round_altar, uniq_duvessa
D:8:      layout_basic, interstate_on_off, nzn_life_drinkers
D:9:      layout_roguey, demons_altar, mainiacjoe_overflow_swirl, serial_shops,
          nicolae_shop_pleasant_corner_grove, nicolae_shop_back_alley_shop, shop
D:10:     layout_cave_pools, lair_entry_dummy, david_orc_5,
          gammafunk_ghost_split, uniq_harold, uniq_josephine, uniq_nergalle
Lair:1:   layout_gridlike, special_room [special_room_bee],
          dreamdust_mushroom_princess, serial_bayou_shore_b,
          serial_bayou_shore_b
Lair:2:   hellmonk_destroyed_diamonds, layout_regular_city,
          gauntlet_entry_generic, uniq_urug
Gauntlet: minmay_gauntlet_mixed_oops_all_seconds
          [minmay_gauntlet_arena_77_hold_the_fort,
          gammafunk_gauntlet_arena_corners,
          minmay_gauntlet_arena_77_block_sizes,
          minmay_gauntlet_arena_make_your_own_arena,
          minmay_gauntlet_arena_77_cramped, nicolae_gauntlet_arena_grate_2,
          gauntlet_exit_watery]

Skill      XL: |  1  2  3  4  5  6  7  8  9 10 11 |
---------------+----------------------------------+-----
Stealth        | 2 3 4 5 6 7 8 |  8.5
Short Blades   | 1 2 3 4 6 7 8 |  8.2
Throwing       | 1 2 3 4 5 6 7 |  7.5
Fighting       | 3 4 5 7 8 9 |  9.4
Shields        | 2 3 4 |  4.0
Invocations    | 1 2 3 4 6 7 8 |  8.5
Shapeshifting  | 1 3 5 |  5.0
Dodging        | |  0.4
Spellcasting   | |  2.0
Summonings     | |  3.0

Action                     |  1- 3 |  4- 6 |  7- 9 | 10-12 || total
---------------------------+-------+-------+-------+-------++-------
  Melee: Dagger            |   202 |   226 |   285 |   387 ||  1100
         Tailslap          |    23 |    39 |    52 |    84 ||   198
  Throw: Dart              |       |     8 |     4 |     2 ||    14
         Boomerang         |       |     1 |       |       ||     1
         Throwing net      |       |       |       |     2 ||     2
   Cast: Summon Small Mamm |       |     8 |       |       ||     8
 Invoke: Ancestor Identity |       |       |     5 |       ||     5
         Ancestor Life: He |       |       |     1 |       ||     1
         Recall Ancestor   |       |       |       |     5 ||     5
Ability: Breathe Fire      |       |       |       |     4 ||     4
  Evoke: Wand              |       |       |       |     4 ||     4
    Use: Scroll            |       |     9 |       |     9 ||    18
         Potion            |       |       |       |     6 ||     6
   Stab: Sleeping          |     4 |    11 |     9 |     5 ||    29
         Distracted        |       |       |     5 |    10 ||    15
         Invisible         |       |       |     1 |     1 ||     2
         Confused          |       |       |     4 |    19 ||    23
 Armour: Skin              |   100 |   109 |   145 |   214 ||   568
  Dodge: Dodged            |    89 |    63 |    90 |   129 ||   371
  Block: Buckler           |    51 |    52 |    56 |    90 ||   249
